 Dungeon Crawl Stone Soup version 0.31-a0-986-g5e6e4ef867 (webtiles) character file.

Game seed: 642585213897294517

12426 Pooter the Cleaver (level 11, -1/150 HPs)
             Began as a Minotaur Berserker on Nov 20, 2023.
             Was an Elder of Trog.
             Slain by a naga
             ... wielding a +2 trident of freezing
              (2 damage)
             ... on level 2 of the Lair of Beasts.
             The game lasted 00:43:03 (12132 turns).

Pooter the Cleaver (Minotaur Berserker)            Turns: 12132, Time: 00:43:04

Health: -1/150     AC:  9    Str: 23    XL:     11   Next: 62%
Magic:  0/10       EV: 10    Int: 11    God:    Trog [****..]
Gold:   665        SH:  0    Dex: 13    Spells: 10/10 levels left

rFire   x . .        a - +1 broad axe (drain)
rCold   . . .        (no shield)
rNeg    . . .        R - +0 scale mail of Aqijyn {rPois rF- Int+7 Slay+3}
rPois   +            P - +0 hat {Will+}
rElec   .            h - +0 cloak
rCorr   .            i - +0 pair of gloves {infuse}
SInv    .            I - +0 pair of boots
Will    +....        (no amulet) Stlth
                     (no ring)
HPRegen 0.45/turn    (no ring)
MPRegen 0.12/turn

%: no passive effects
@: berserking, very quick
A: horns 2, retaliatory headbutt
a: Renounce Religion, Berserk, Trog's Hand, Brothers in Arms


You were on level 2 of the Lair of Beasts.
You worshipped Trog.
Trog was greatly pleased with you.
You visited 2 branches of the dungeon, and saw 12 of its levels.
You also visited: Ossuary.

You collected 665 gold pieces.

Inventory:

Hand Weapons
 a - a +1 broad axe of draining (weapon)
   (You took it off Maggie on level 8 of the Dungeon)
 b - a +0 arbalest of flaming
   (You found it on level 5 of the Dungeon)
 o - a +2 heavy trident
   (You took it off an orc on level 3 of the Dungeon)
 v - a +1 dire flail of draining
   (You took it off Edmund on level 4 of the Dungeon)
 w - a +0 broad axe
   (You found it on level 10 of the Dungeon)
 L - a +4 dire flail
   (You took it off a wight on level 7 of the Dungeon)
Missiles
 j - 19 poisoned darts (quivered)
 r - 2 boomerangs
 O - 4 throwing nets {!f}
 Q - 77 stones
Armour
 h - a +0 cloak (worn)
   (You found it on level 1 of the Dungeon)
 i - a +0 pair of gloves of infusion (worn)
   (You found it on level 1 of the Lair of Beasts)
 n - a +0 buckler
   (You found it on level 3 of the Dungeon)
 p - a +0 chain mail
   (You took it off an orc on level 3 of the Dungeon)
 q - an orb of mayhem
   (You found it on level 3 of the Dungeon)
 I - a +0 pair of boots (worn)
   (You found it on level 7 of the Dungeon)
 N - +0 fire dragon scales
   (You found it on level 8 of the Dungeon)
 P - a +0 hat of willpower (worn)
   (You found it on level 2 of the Dungeon)
 R - the +0 scale mail of Aqijyn (worn) {rPois rF- Int+7 Slay+3}
   (You found it on level 1 of the Lair of Beasts)

   Int+7:     It affects your intelligence (+7).
   Slay+3:    It affects your accuracy & damage with ranged weapons and melee
   (+3).
   rF-:       It makes you vulnerable to fire.
   rPois:     It protects you from poison
Jewellery
 c - a ring of ice
   (You found it on level 1 of the Dungeon)
 J - an amulet of faith {!P}
   (You found it on level 6 of the Dungeon)
Wands
 f - a wand of flame (27)
   (You took it off Blork the orc on level 4 of the Dungeon)
 l - a wand of polymorph (5)
   (You found it on level 1 of the Lair of Beasts)
 u - a wand of paralysis (13)
   (You found it on level 3 of the Dungeon)
 B - a wand of roots (15)
   (You took it off Ijyb on level 5 of the Dungeon)
 D - a wand of digging (5)
   (You found it on level 9 of the Dungeon)
Scrolls
 d - 2 scrolls of vulnerability {!r}
 e - a scroll of fear
 m - a scroll of blinking
 t - 3 scrolls of teleportation {@r4}
 A - 6 scrolls of noise {!r}
 F - 2 scrolls of immolation {!r}
 H - 2 scrolls of summoning
 M - a scroll of revelation
Potions
 g - 6 potions of heal wounds {@q2}
 k - a potion of invisibility {unknown}
 s - 5 potions of curing {@q1}
 x - 2 potions of attraction {unknown}
 y - 4 potions of enlightenment
 z - a potion of mutation {unknown}
 C - 2 potions of resistance {unknown}
 E - 4 potions of might
 G - 3 potions of lignification {unknown}
 K - 2 potions of cancellation {unknown}


   Skills:
 + Level 10.2 Fighting
 * Level 13.3(13.8) Axes
 - Level 5.6(10.3) Maces & Flails
 * Level 10.3 Ranged Weapons
 - Level 2.4 Armour
 - Level 2.1 Dodging
 + Level 6.9 Evocations


You had 10 spell levels left.
You didn't know any spells.
Your spell library was empty.

Dungeon Overview and Level Annotations

Branches:
Dungeon (10/15) Zot: 25551  Temple (0/1) D:6            Lair (2/5) D:8 Zot: 10438
  Snake (0/4) Lair:2      Ossuary (visited)
  Swamp: Lair:2-3    Shoals: Lair:2-3       Orc: D:9-12

Altars:
Cheibriados
Elyvilon
Fedhas
Kikubaaqudgha
Makhleb
Vehumet
Wu Jian
Xom

Annotations:
D:7 1 runed translucent door, Crazy Yiuf


Innate Abilities, Weirdness & Mutations

You have a pair of horns on your head.
You reflexively headbutt those who attack you in melee.


Message History

The naga constricts you.
The naga hits you from afar with a +2 trident of freezing!
The naga freezes you.
* * * LOW HITPOINT WARNING * * *
A red film seems to cover your vision as you go berserk!
You feel yourself moving faster!
You feel mighty! The naga closely misses you. You furiously retaliate!
You headbutt the naga!
You kill the naga!
Trog accepts your kill. The naga spits poison at you.
The splash of poison misses you.
Found a staircase to the Snake Pit.
You feel a strong urge to attack something.
The naga hits you with a +2 flail of protection!
* * * LOW HITPOINT WARNING * * *
The naga grabs you. The naga constricts you.
* * * LOW HITPOINT WARNING * * *
You see here a +0 dire flail.
You barely miss the naga.
* * * LOW MAGIC WARNING * * *
You slash the naga! You drain the naga.
The naga hits you with a +2 trident of freezing!
* * * LOW HITPOINT WARNING * * *
The naga freezes you.
* * * LOW HITPOINT WARNING * * *
You barely miss the naga.
* * * LOW MAGIC WARNING * * *
You slash the naga!
The naga hits you with a +2 flail of protection!!
* * * LOW HITPOINT WARNING * * *
The naga constricts you.
* * * LOW HITPOINT WARNING * * *
You closely miss the naga.
* * * LOW MAGIC WARNING * * *
You hit the naga but do no damage. The naga spits poison at you.
The splash of poison hits you. You resist.
* * * LOW HITPOINT WARNING * * *
The naga hits you with a +2 flail of protection.
* * * LOW HITPOINT WARNING * * *
The naga constricts you.
* * * LOW HITPOINT WARNING * * *
Unknown command.
You slice the naga!! You hit the naga.
You kill the naga!
Trog accepts your kill.
The naga hits you with a +2 trident of freezing.
* * * LOW HITPOINT WARNING * * *
The naga freezes you.
You die...

..+. #...##
...... # ......#
.# .......###.#
..>.....#.. #
......N).#+.#
#@#...# #.).#$###
### ###........
#....##...##..##.
#......<#...#.+
##......†#....).
#......#.....###
#########†+###
#.#


You could see a naga (catching breath).

Vanquished Creatures
  A fire crab (D:8)
  2 cane toads (Lair:1)
  Maggie (D:8)
  A komodo dragon (Lair:1)
  A troll (D:10)
  5 blink frogs (Lair:1)
  A wraith (D:10)
  20 yaks (Lair:1)
  Grum (D:8)
  4 vampire mosquitoes (D:10)
  A basilisk (Lair:1)
  Edmund (D:4)
  3 nagas (Lair:2)
  An acid dragon (D:10)
  6 water moccasins
  2 ice beasts
  An orc warrior (D:8)
  4 sky beasts
  A black bear (D:7)
  2 ogres
  3 centaurs
  13 wolves
  A kobold brigand (D:7)
  3 scorpions
  Blork the orc (D:4)
  6 bullfrogs
  4 water moccasin zombies (Ossuary)
  7 wights
  3 killer bees (D:10)
  2 gnoll boudas (D:8)
  5 hounds
  8 orc priests
  6 jellies
  5 iguanas
  Ijyb (D:5)
  A sleepcap (D:6)
  5 orc wizards
  2 mummies (Ossuary)
  6 gnolls (D:8)
  3 adders
  2 shadow imps (D:6)
  3 white imps
  2 ufetubi (D:6)
  5 adder zombies (Ossuary)
  A worm (D:6)
  A dart slug (D:3)
  30 orcs
  7 ball pythons
  7 endoplasms
  2 giant cockroaches
  5 gnoll zombies (Ossuary)
  6 goblins
  7 hobgoblins
  5 jackals (D:3)
  6 kobolds
  3 quokkas
  5 bats
  3 frilled lizards
  A hobgoblin zombie (Ossuary)
  5 kobold zombies (Ossuary)
  6 orc zombies (Ossuary)
  5 rats
261 creatures vanquished.

Vanquished Creatures (collateral kills)
  An orc (D:4)
  A ball python (D:4)
2 creatures vanquished.

Vanquished Creatures (others)
  A gnoll (D:8)
1 creature vanquished.

Grand Total: 264 creatures vanquished

Notes
Turn   | Place    | Note
-------+----------+-------------------------------------------
     0 | D:1      | Pooter the Minotaur Berserker began the quest for the Orb.
     0 | D:1      | Reached XP level 1. HP: 19/19 MP: 0/0
   117 | D:1      | Found a faded altar of an unknown god.
   123 | D:1      | Reached skill level 4 in Axes
   187 | D:1      | Reached XP level 2. HP: 27/27 MP: 1/1
  1077 | D:2      | Reached XP level 3. HP: 23/33 MP: 2/2
  1526 | D:2      | Identified the +2 leather armour "Zelu" {+Blink Fly rF-
                  | Stlth+}
  1617 | D:3      | Reached ** piety under Trog
  1627 | D:3      | Reached skill level 5 in Axes
  1800 | D:3      | Found a white marble altar of Elyvilon.
  1809 | D:3      | Reached XP level 4. HP: 37/41 MP: 3/3
  1845 | D:3      | Found a burning altar of Makhleb.
  1865 | D:3      | Reached skill level 1 in Evocations
  1867 | D:3      | Reached XP level 5. HP: 32/47 MP: 4/4
  2123 | D:3      | Found an ornate altar of the Wu Jian Council.
  2568 | D:4      | Reached skill level 6 in Axes
  2767 | D:4      | Noticed Edmund
  2790 | D:4      | Killed Edmund
  2791 | D:4      | Reached skill level 5 in Fighting
  2791 | D:4      | Reached XP level 6. HP: 56/56 MP: 5/5
  2868 | D:4      | Reached skill level 7 in Axes
  2869 | D:4      | Found a shimmering altar of Xom.
  3101 | D:4      | Noticed Blork the orc
  3109 | D:4      | Killed Blork the orc
  3110 | D:4      | Reached XP level 7. HP: 62/62 MP: 6/6
  3221 | D:5      | Entered Level 5 of the Dungeon
  3242 | D:5      | Noticed Ijyb
  3255 | D:5      | Killed Ijyb
  3468 | D:5      | Reached skill level 8 in Axes
  3751 | D:5      | Reached skill level 1 in Maces & Flails
  3751 | D:5      | Reached skill level 1 in Ranged Weapons
  3751 | D:5      | Reached XP level 8. HP: 71/71 MP: 7/7
  4052 | D:6      | Identified the +7 long sword of the Land of Plenty {heavy,
                  | rF+ Int+4}
  4684 | D:6      | Found a staircase to the Ecumenical Temple.
  4764 | D:6      | Found a snail-covered altar of Cheibriados.
  4964 | D:6      | Reached skill level 9 in Axes
  5197 | D:6      | Reached *** piety under Trog
  5640 | D:7      | Found a runed translucent door.
  5641 | D:7      | Noticed Crazy Yiuf
  5924 | D:7      | Reached XP level 9. HP: 79/79 MP: 8/8
  5992 | D:7      | Reached skill level 5 in Maces & Flails
  6566 | D:8      | Found an ancient bone altar of Kikubaaqudgha.
  6602 | D:8      | Noticed Maggie
  6620 | D:8      | Killed Maggie
  6621 | D:8      | Reached skill level 5 in Ranged Weapons
  6638 | D:8      | Found a staircase to the Lair.
  6638 | D:8      | Noticed a fire crab
  6893 | D:8      | Noticed Grum
  6906 | D:8      | Killed Grum
  6907 | D:8      | Reached skill level 10 in Axes
  6937 | D:8      | Found a sand-covered staircase.
  6941 | Ossuary  | Entered an ossuary
  7066 | Ossuary  | Reached skill level 5 in Evocations
  7209 | Ossuary  | Reached **** piety under Trog
  7506 | D:8      | Killed a fire crab
  7507 | D:8      | Reached XP level 10. HP: 69/90 MP: 9/9
  8207 | D:9      | Identified the of Dosmumin
  8405 | D:9      | Found a blossoming altar of Fedhas.
  9127 | D:10     | Entered Level 10 of the Dungeon
  9139 | D:10     | Reached skill level 11 in Axes
  9594 | D:10     | Found the +3 Elemental Staff {ele, rElec rF+ rC+ AC+3}
 10306 | D:10     | Found a radiant altar of Vehumet.
 10567 | D:13     | Identified the "Erriahuf"
 10567 | D:13     | Identified the of Qeolaima
 10567 | D:13     | Identified the "Fosa"
 10567 | D:13     | Identified the "Zuaxej"
 10567 | Lair:1   | Entered Level 1 of the Lair of Beasts
 10736 | Lair:1   | Noticed a cane toad
 10736 | Lair:1   | Noticed a cane toad
 10745 | Lair:1   | Killed a cane toad
 10749 | Lair:1   | Killed a cane toad
 10757 | Lair:1   | Reached skill level 12 in Axes
 11058 | Lair:1   | Reached XP level 11. HP: 92/97 MP: 10/10
 11427 | Lair:1   | Identified the +0 scale mail of Aqijyn {rPois rF- Int+7
                  | Slay+3}
 11577 | Lair:1   | Reached skill level 10 in Fighting
 11577 | Lair:1   | Reached skill level 13 in Axes
 11813 | Lair:1   | Reached skill level 10 in Ranged Weapons
 12128 | Lair:2   | Found a staircase to the Snake Pit.
 12131 | Lair:2   | HP: 4/150 [constriction (5)]
 12132 | Lair:2   | HP: 1/150 [naga/+2 trident of freezing (3)]
 12132 | Lair:2   | Slain by a naga

Illustrated notes

Levels and vault maps discovered:
D:1:      dpeg_arrival_radiant, layout_basic, ebering_ecumenical_altar_ruins,
          interstate_on_off
D:2:      layout_loops_corners
D:3:      layout_rooms, mainiacjoe_overflow_big_doors, lemuel_round_altar
D:4:      layout_basic, mainiacjoe_overflow_24_doors, minmay_distorted,
          uniq_edmund, uniq_blork_the_orc
D:5:      layout_rooms, nrook_pool_corridor, uniq_ijyb
D:6:      layout_basic, cheibrodos_worm_habitat, minmay_temple_entry_grid,
          grunt_ministairs_6
D:7:      layout_basic, uniq_crazy_yiuf_cottage
D:8:      layout_basic, mainiacjoe_overflow_surrounded_room,
          minmay_lair_entry_lava, serial_curves, eino_curves_04, eino_curves_03,
          nicolae_ossuary_entry_plus, uniq_grum, uniq_maggie
D:9:      layout_irregular_city, fedhas_altar_3
D:10:     layout_basic, vehumet_crystals, serial_park_tiny_1
Lair:1:   layout_loops_ring, grunt_megastairs_3, infiniplex_staircase_pool
Lair:2:   layout_roguey, minmay_snake_entry_guardpost_small,
          hangedman_lair_unloving_vines, nicolae_lair_grove_arrangements,
          beast_lair_carwin_11, lemuel_fruit_tree

Skill      XL: |  1  2  3  4  5  6  7  8  9 10 11 |
---------------+----------------------------------+-----
Axes           | 4 5 6 7 8 9 10 12 13 | 13.3
Fighting       | 4 5 6 7 8 9 10 | 10.2
Evocations     | 1 2 3 4 5 6 |  6.9
Maces & Flails | 1 4 5 |  5.6
Ranged Weapons | 1 4 6 9 10 | 10.3
Armour         | |  2.4
Dodging        | |  2.1

Action                     |  1- 3 |  4- 6 |  7- 9 | 10-12 || total
---------------------------+-------+-------+-------+-------++-------
  Melee: Hand axe          |    85 |    20 |       |       ||   105
         Headbutt          |     8 |    13 |    41 |    29 ||    91
         War axe           |       |    28 |       |       ||    28
         Dire flail        |       |    20 |   123 |       ||   143
         Broad axe         |       |       |    87 |   146 ||   233
         Punch             |       |       |     1 |     1 ||     2
   Fire: Arbalest          |       |       |    65 |    49 ||   114
  Throw: Stone             |       |     5 |     2 |       ||     7
         Dart              |       |       |     4 |       ||     4
 Invoke: Berserk           |       |     3 |     9 |     2 ||    14
         Trog's Hand       |       |     1 |     5 |     3 ||     9
  Evoke: Wand              |       |       |       |     2 ||     2
    Use: Scroll            |     4 |     1 |    13 |     3 ||    21
         Potion            |       |       |       |     1 ||     1
   Stab: Paralysed         |       |       |       |     1 ||     1
 Armour: Animal skin       |    10 |       |       |       ||    10
         Scale mail        |    36 |    15 |       |    42 ||    93
         Chain mail        |       |    54 |   219 |    45 ||   318
         Fire dragon scale |       |       |    19 |    55 ||    74
  Dodge: Dodged            |    57 |    35 |   121 |    86 ||   299
  Block: Buckler           |     1 |     6 |       |       ||     7

Table legend: (Time is in decaauts)
 A = Elapsed time spent in this place.
 B = Non-inter-level travel time spent in this place.
 C = Inter-level travel time spent in this place.
 D = Time resting spent in this place.
 E = Time spent auto-exploring this place.
 F = Levels seen in this place.
 G = Mean time per level.
                   A        B        C        D        E       F      G
               +--------+--------+--------+--------+--------+-----+--------+
         Total |  12325 |  11966 |    359 |   2960 |   7154 |  13 |  948.1 |
       Dungeon |  10417 |  10081 |    336 |   2656 |   5910 |  10 | 1041.7 |
          Lair |   1561 |   1538 |     23 |    199 |   1097 |   2 |  780.5 |
       Ossuary |    346 |    346 |      0 |    105 |    147 |   1 |  346.0 |
               +--------+--------+--------+--------+--------+-----+--------+

Top non-repeatable levels by time:
     D:6: 1571 daAuts
  Lair:1: 1543 daAuts
    D:10: 1387 daAuts
     D:7: 1371 daAuts
     D:8: 1144 daAuts
     D:9: 966 daAuts
     D:4: 940 daAuts
     D:2: 843 daAuts
     D:1: 736 daAuts
     D:3: 731 daAuts
     D:5: 724 daAuts
 Ossuary: 346 daAuts
  Lair:2: 17 daAuts
